 Dungeon Crawl Stone Soup version 0.28.0-53-g5a82cb258f (webtiles) character file.

Game seed: 6313246826813832040

1735 Nyth the Basher (level 8, -12/106 HPs)
             Began as a Minotaur Berserker on Aug 8, 2022.
             Was a Believer of Trog.
             Mangled by a two-headed ogre
             ... wielding a +0 giant club
              (16 damage)
             ... on level 5 of the Dungeon.
             The game lasted 00:26:49 (4802 turns).

Nyth the Basher (Minotaur Berserker)                Turns: 4802, Time: 00:26:51

Health: -12/106    AC:  7    Str: 22    XL:     8   Next: 76%
Magic:  7/7        EV: 12    Int:  4    God:    Trog [**....]
Gold:   208        SH:  0    Dex: 12    Spells: 7/7 levels left

rFire   . . .      SeeInvis .   g - +1 whip (venom)
rCold   . . .      Faith    .   (no shield)
rNeg    + . .      Spirit   .   j - +1 ring mail {Will+}
rPois   .          Reflect  .   (helmet restricted)
rElec   .          Harm     .   A - scarf {repulsion}
rCorr   .          Rampage  .   (no gloves)
Will    +....                   (no boots)
Stlth   ..........              d - amulet of regeneration
HPRegen 1.07/turn               m - ring of positive energy
MPRegen 0.10/turn               (no ring)

@: berserking (expiring), repel missiles, very quick
A: horns 2, retaliatory headbutt
a: Renounce Religion, Berserk, Trog's Hand


You were on level 5 of the Dungeon.
You worshipped Trog.
Trog was pleased with you.
You visited 1 branch of the dungeon, and saw 5 of its levels.

You collected 208 gold pieces.

Inventory:

Hand Weapons
 a - a +2 short sword of speed
 g - a +1 whip of venom (weapon)
 h - a +2 falchion of freezing
 l - a +1 flail of protection
 o - a +0 whip of flaming
 r - a +1 rapier of draining
 x - a +0 whip of draining
Missiles
 b - 81 stones
 n - 2 throwing nets
Armour
 j - a +1 ring mail of willpower (worn)
 q - a +0 robe
 y - a +0 ring mail
 A - a scarf of repulsion (worn)
Jewellery
 d - an amulet of regeneration (around neck)
 m - a ring of positive energy (left hand)
Wands
 p - a wand of iceblast (6)
Scrolls
 c - 2 scrolls of teleportation
 k - 2 scrolls of magic mapping
 t - a scroll of silence
 u - a scroll of fear
Potions
 e - 2 potions of brilliance
 f - a potion of degeneration {unknown}
 i - 2 potions of mutation {unknown}
 s - a potion of attraction {unknown}
 w - 3 potions of curing {unknown}
 z - a potion of lignification {unknown}


   Skills:
 * Level 6.7 Fighting
 * Level 8.6 Maces & Flails
 * Level 8.3 Armour
 * Level 5.0 Dodging
 - Level 0.4 Stealth


You had 7 spell levels left.
You didn't know any spells.
Your spell library contained the following spells:

 Spells                   Type           Power      Damage    Failure   Level
 Hailstorm                Conj/Ice       0%         3d3       100%        4
 Ice Form                 Ice/Tmut       0%         N/A       100%        4
 Summon Ice Beast         Ice/Summ       0%         N/A       100%        4
 Summon Mana Viper        Hex/Summ       0%         N/A       100%        5
 Simulacrum               Ice/Necr       0%         N/A       100%        6
 Monstrous Menagerie      Summ           0%         N/A       100%        7


Dungeon Overview and Level Annotations

Branches:
Dungeon (5/15)
 Temple: D:4-7

Altars:
Gozag
Nemelex Xobeh
Ru
Trog
Xom

Shops:
D:4 =


Innate Abilities, Weirdness & Mutations

You have a pair of horns on your head.
You reflexively headbutt those who attack you in melee.


Message History

Trog accepts your kill. The adder bites you.
You whack the adder!
You kill the adder!
Trog accepts your kill.
You feel sick. The howler monkey zombie hits you.
Items here: )) [[ ††.
You hit the howler monkey zombie.
The howler monkey zombie is lightly damaged.
You feel sick.
The howler monkey zombie barely misses you.
The two-headed ogre hits you with a +0 giant club!!
The two-headed ogre barely misses you.
You hit the howler monkey zombie. You headbutt the howler monkey zombie!!
The howler monkey zombie is almost destroyed.
You whack the howler monkey zombie!
You destroy the howler monkey zombie!
Trog accepts your kill.
You feel sick.
The two-headed ogre hits you with a +0 giant club!!
The two-headed ogre barely misses you.
You barely miss the two-headed ogre.
You feel sick.
You are no longer poisoned.
You whack the two-headed ogre!
The two-headed ogre is poisoned.
You headbutt the two-headed ogre.
The two-headed ogre is moderately wounded.
The two-headed ogre hits you with a +0 giant club!
* * * LOW HITPOINT WARNING * * *
The two-headed ogre barely misses you.
You hit the two-headed ogre. You headbutt the two-headed ogre.
The two-headed ogre is moderately wounded.
You barely miss the two-headed ogre. You headbutt the two-headed ogre!
The two-headed ogre is severely wounded.
You hit the two-headed ogre.
The two-headed ogre looks as sick as possible!
The two-headed ogre is severely wounded.
The two-headed ogre hits you with a +0 giant club!!
* * * LOW HITPOINT WARNING * * *
The two-headed ogre hits you with a +0 dire flail!
You die...

#####......#### #
######....## #
........###
..........##### .
........$.....## .
...####>........ . ...
#.......# . ..
#O......## .
#@)....... .
#......... .
##.$...... . #........
. #........ #
#........ #........
#.....###
######################


You could see a two-headed ogre (extremely poisoned).

Vanquished Creatures
  Pikel (D:4)
  Eustachio (D:4)
  2 vampire mosquitoes (D:5)
  A sky beast (D:5)
  A black bear (D:4)
  4 lemures (D:4)
  A bullfrog (D:3)
  A scorpion (D:4)
  A water moccasin zombie (D:5)
  3 wights (D:4)
  A bullfrog zombie (D:3)
  A bullfrog skeleton (D:4)
  2 iguanas
  2 orc wizards
  A killer bee zombie (D:5)
  2 hound skeletons
  A howler monkey zombie (D:5)
  4 gnolls (D:3)
  7 adders
  A white imp (D:5)
  An ufetubus (D:5)
  2 worms
  A dart slug (D:4)
  6 orcs
  4 bats
  3 endoplasms
  A goblin (D:2)
  11 hobgoblins
  3 quokkas
  8 ball pythons
  5 frilled lizards
  4 kobolds
  8 rats
95 creatures vanquished.

Notes
Turn   | Place    | Note
-------+----------+-------------------------------------------
     0 | D:1      | Nyth the Minotaur Berserker began the quest for the Orb.
     0 | D:1      | Reached XP level 1. HP: 19/19 MP: 0/0
   266 | D:1      | Reached XP level 2. HP: 27/27 MP: 1/1
   865 | D:2      | Reached ** piety under Trog
   866 | D:2      | Reached XP level 3. HP: 29/33 MP: 2/2
  1463 | D:3      | Reached XP level 4. HP: 33/41 MP: 3/3
  1476 | D:3      | Reached skill level 5 in Maces & Flails
  1788 | D:3      | Reached XP level 5. HP: 47/47 MP: 4/4
  1945 | D:3      | Reached skill level 5 in Fighting
  2391 | D:4      | Noticed Pikel
  2391 | D:4      | Noticed a lemure
  2391 | D:4      | Noticed a lemure
  2391 | D:4      | Noticed a lemure
  2391 | D:4      | Noticed a lemure
  2398 | D:4      | Killed a lemure
  2406 | D:4      | Killed a lemure
  2408 | D:4      | Killed a lemure
  2410 | D:4      | Killed a lemure
  2416 | D:4      | Killed Pikel
  2417 | D:4      | Reached XP level 6. HP: 33/57 MP: 5/5
  2417 | D:4      | Reached XP level 7. HP: 36/62 MP: 6/6
  2473 | D:4      | Noticed Eustachio
  2490 | D:4      | Killed Eustachio
  2525 | D:4      | Found Dudunnut's Jewellery Shoppe.
  2828 | D:4      | Reached XP level 8. HP: 59/70 MP: 7/7
  3436 | D:4      | Found a bloodstained altar of Trog.
  3969 | D:4      | Found a sacrificial altar of Ru.
  3969 | D:4      | Found a sparkling altar of Nemelex Xobeh.
  4042 | D:5      | Entered Level 5 of the Dungeon
  4354 | D:5      | Found a shimmering altar of Xom.
  4372 | D:5      | Found an opulent altar of Gozag.
  4775 | D:5      | Noticed a two-headed ogre
  4789 | D:5      | Reached skill level 5 in Dodging
  4802 | D:5      | HP: 4/106 [two-headed ogre/+0 giant club (25)]
  4802 | D:5      | Mangled by a two-headed ogre

Illustrated notes

Levels and vault maps discovered:
D:1:      co_arrival_two_rings, layout_loops_ring, kennysheep_nondescript,
          amethyst_killhole, glass_columns_a
D:2:      layout_rooms
D:3:      layout_loops_ring, st_stairs_3
D:4:      layout_loops_corners, gammafunk_temple_overflow_pools,
          mainiacjoe_overflow_catwalk, serial_shops, shop, uniq_pikel,
          uniq_eustachio
D:5:      layout_basic, mainiacjoe_overflow_large_starburst

Skill      XL: |  1  2  3  4  5  6  7  8 |
---------------+-------------------------+-----
Maces & Flails | 4 5 6 7 8 |  8.6
Fighting       | 4 5 6 |  6.7
Armour         | 3 6 7 8 |  8.3
Dodging        | 3 4 5 |  5.0
Stealth        | |  0.4

Action                   |  1- 3 |  4- 6 |  7- 9 || total
-------------------------+-------+-------+-------++-------
Melee: Mace              |    54 |       |       ||    54
       Headbutt          |    11 |    15 |    19 ||    45
       Whip              |    32 |    74 |   119 ||   225
       Punch             |       |     1 |     3 ||     4
Invok: Berserk           |     2 |     3 |     7 ||    12
  Use: Scroll            |       |     2 |     3 ||     5
       Potion            |       |     1 |       ||     1
Armor: Chain mail        |    39 |       |       ||    39
       Ring mail         |    11 |    16 |    32 ||    59
Dodge: Dodged            |    42 |    36 |    74 ||   152
